 Dungeon Crawl Stone Soup version 0.22-a0-608-g8a62e23 (webtiles) character file.

295 sking99 the Insei (level 6, 0/76 HPs)
             Began as a Draconian Transmuter on July 9, 2018.
             Slain by Menkaure (5 damage)
             ... on level 4 of the Dungeon.
             The game lasted 00:08:09 (4819 turns).

sking99 the Insei (Draconian Transmuter)            Turns: 4819, Time: 00:08:09

Health: 0/76       AC: 23    Str: 12    XL:     6   Next: 11%
Magic:  9/9        EV:  2    Int: 13    God:
Gold:   284        SH:  0    Dex: 14    Spells: 6/9 levels left

rFire    . . .     SeeInvis .     - Unarmed
rCold    . . .     Gourm    .   (no shield)
rNeg     + + +     Faith    .   (armour unavailable)
rPois    +         Spirit   .   (helmet currently unavailable)
rElec    .         Reflect  .   (cloak currently unavailable)
rCorr    .         Harm     .   (gloves currently unavailable)
MR       .....     NoTele   +   (boots currently unavailable)
Stlth    +.........             (no amulet)
HPRegen  0.22/turn              (no ring)
MPRegen  0.11/turn              (no ring)

@: tree-form
A: unfitting armour, AC +6
a: no special abilities


You were on level 4 of the Dungeon.
You were not hungry.
You were a tree.
You visited 1 branch of the dungeon, and saw 4 of its levels.

You collected 284 gold pieces.

Inventory:

Missiles
 a - 28 arrows
Armour
 k - a +0 pair of boots (melded)
 p - a +0 pair of gloves (melded)
Jewellery
 g - an uncursed ring of wizardry {unknown}
 s - an uncursed amulet of regeneration {unknown}
 t - a +2 ring of protection {unknown}
Scrolls
 b - a scroll of immolation {unknown}
 j - a scroll of teleportation {unknown}
 l - 5 scrolls of identify {unknown}
 n - a scroll of enchant armour {unknown}
 q - a scroll of fear {unknown}
 r - a scroll of fog {unknown}
 v - a scroll of amnesia {unknown}
Potions
 d - 2 potions of flight
 e - a potion of resistance {unknown}
 f - a potion of berserk rage {unknown}
 i - a potion of heal wounds {unknown}
 m - a potion of mutation {unknown}
 o - a potion of lignification
Comestibles
 c - 6 rations
 u - 2 chunks of flesh


   Skills:
 + Level 3.5 Fighting
 - Level 1.7 Dodging
 * Level 5.3 Unarmed Combat
 - Level 2.0 Spellcasting
 + Level 3.5 Transmutations


You had 6 spell levels left.
You knew the following spells:

 Your Spells              Type           Power        Failure   Level  Hunger
a - Beastly Appendage     Tmut           ##....       6%          1    ##.....
b - Sticks to Snakes      Tmut           ##......     9%          2    ###....

Your spell library contained the following spells:

 Spells                   Type           Power        Failure   Level  Hunger
 Spider Form              Tmut/Pois      #.........   36%         3    ####...
 Blade Hands              Tmut           ##........   86%         5    ######.
 Ice Form                 Ice/Tmut       #.......     77%         4    #####..


Dungeon Overview and Level Annotations

Branches:
Dungeon (4/15)
 Temple: D:4-7

Altars:
Dithmenos
Kikubaaqudgha
Zin

Annotations:
D:2 Grinder
D:4 Menkaure


Innate Abilities, Weirdness & Mutations

((Your plain brown scales are hard. (AC +6)))
You cannot fit into any form of body armour.
((You are cold-blooded and may be slowed by cold attacks.))


Message History

The orc wizard hits you but does no damage.
The orc hits you but does no damage.
You smack the orc wizard!
You kill the orc wizard!
You have reached level 6!
Your experience leads to an increase in your attributes!
Increase (S)trength, (I)ntelligence, or (D)exterity?
You feel agile.
Your scales feel tougher.
Menkaure hits you.
* * * LOW HITPOINT WARNING * * *
You smack the orc!
You kill the orc!
Menkaure hits you.
* * * LOW HITPOINT WARNING * * *
You cannot move.
You hit Menkaure.
Menkaure is lightly damaged.
Menkaure giggles, "These cerements are ticklish..."
Menkaure hits you.
You die...

#......<....
#........o.o
.........o ......o#
.....# M #...# .## #.#
#.# ####M##########
#..
#....♣).......#####.##
#%##>##..###.....##...
# #.##..###..##.##..#
#.....<.....#.##..#
####..###..........
#####..###..##.###.#
.............##.# #.#
###########.....# #..
####### ##.


You could see Menkaure.

Vanquished Creatures
  An orc priest (D:4)
  An orc wizard (D:4)
  3 worker ants (D:4)
  An adder (D:2)
  An ooze (D:1)
  2 worms (D:2)
  3 dart slugs
  A leopard gecko (D:4)
  9 orcs
  15 bats
  3 giant cockroaches
  6 goblins
  7 hobgoblins
  7 jackals
  2 quokkas
  2 ball pythons
  A jackal skeleton (D:4)
  5 kobolds
  9 rats
79 creatures vanquished.

Vanquished Creatures (collateral kills)
  An ogre (D:3)
1 creature vanquished.

Grand Total: 80 creatures vanquished

Notes
Turn   | Place    | Note
-------+----------+-------------------------------------------
     0 | D:1      | sking99 the Draconian Transmuter began the quest for the Orb.
     0 | D:1      | Reached XP level 1. HP: 16/16 MP: 3/3
   181 | D:1      | Reached XP level 2. HP: 15/23 MP: 5/5
   387 | D:1      | Learned a level 2 spell: Sticks to Snakes
   711 | D:1      | Reached XP level 3. HP: 29/29 MP: 6/6
  1317 | D:2      | Found an ancient bone altar of Kikubaaqudgha.
  1383 | D:2      | Reached skill level 4 in Unarmed Combat
  1826 | D:2      | Reached XP level 4. HP: 36/36 MP: 7/7
  2077 | D:2      | Found a glowing silver altar of Zin.
  2077 | D:2      | Noticed an angel
  2609 | D:3      | Found a shadowy altar of Dithmenos.
  2974 | D:3      | Noticed Grinder
  3023 | D:3      | Paralysed by Grinder for 7 turns
  3038 | D:2      | Paralysed by Grinder for 4 turns
  3053 | D:2      | HP: 1/37 [Grinder/nerve-wracking pain (7)]
  4077 | D:4      | Noticed Menkaure
  4099 | D:4      | Noticed an ogre
  4343 | D:3      | Killed an ogre
  4343 | D:3      | Reached XP level 5. HP: 12/45 MP: 4/8
  4790 | D:4      | Reached skill level 5 in Unarmed Combat
  4817 | D:4      | Reached XP level 6. HP: 9/51 MP: 9/9
  4819 | D:4      | Slain by Menkaure

Vault maps used:
D:1:      grunt_arrival_lava_bath
D:2:      zin_angel, kiku_gazebo_garden_becter
D:3:      grunt_dithmenos_smoke, uniq_grinder
D:4:      lemuel_temple_firewalk_a, first_ration, minmay_misc_feat_columns,
          uniq_menkaure

Skill      XL: |  1  2  3  4  5 |
---------------+----------------+-----
Fighting       | 2 3 |  3.5
Unarmed Combat | 4 5 |  5.3
Transmutations | 3 |  3.5
Dodging        | |  1.7
Spellcasting   | |  2.0

Action                   |  1- 3 |  4- 6 || total
-------------------------+-------+-------++-------
Melee: Unarmed           |   168 |   179 ||   347
       Tailslap          |    18 |    19 ||    37
       Punch             |     1 |     1 ||     2
       Headbutt          |       |     6 ||     6
 Cast: Beastly Appendage |       |     4 ||     4
       Sticks to Snakes  |       |     3 ||     3
  Use: Potion            |       |     4 ||     4
 Stab: Sleeping          |     1 |     3 ||     4
  Eat: Chunk             |     3 |     7 ||    10
       Ration            |       |     1 ||     1
Armor: Skin              |    67 |    53 ||   120
Dodge: Dodged            |   127 |   110 ||   237

Table legend:
 A = Spawn XP
 B = Non-spawn XP
 C = Spawn XP percentage of total XP
 D = Spawn monster count
 E = Non-spawn monster count
 F = Spawn count percentage of total count
 G = Total turns spent on level
                    A         B        C        D         E        F      G
               +---------+---------+-------+---------+---------+-------+---------
         Total |       0 |     422 |   0.0 |       0 |      80 |   0.0 |  4819
               +---------+---------+-------+---------+---------+-------+---------
           D:1 |       0 |      56 |   0.0 |       0 |      29 |   0.0 |  1236
           D:2 |       0 |      60 |   0.0 |       0 |      23 |   0.0 |  1408
           D:3 |       0 |      99 |   0.0 |       0 |      18 |   0.0 |  1864
           D:4 |       0 |     207 |   0.0 |       0 |      10 |   0.0 |   311
               +---------+---------+-------+---------+---------+-------+---------
